 Dungeon Crawl Stone Soup version 0.31-a0-675-g238779eb0a (webtiles) character file.

Game seed: 6045372965449996605

89 qw the Shooter (level 4, -3/28 HPs)
             Began as a Gargoyle Hunter on Sept 5, 2023.
             Slain by a gnoll
             ... wielding a +0 spear
              (5 damage)
             ... on level 3 of the Dungeon.
             The game lasted 00:00:36 (1661 turns).

qw the Shooter (Gargoyle Hunter)                    Turns: 1661, Time: 00:00:36

Health: -3/28      AC:  9    Str: 14    XL:     4   Next: 55%
Magic:  4/4        EV: 11    Int:  8    God:
Gold:   65         SH:  0    Dex: 19    Spells: 3/3 levels left

rFire   . . .        Y - +2 shortbow
rCold   . . .        (shield currently unavailable)
rNeg    + . .        j - +0 ring mail
rPois   inf          (helmet restricted)
rElec   +            (no cloak)
rCorr   .            g - +0 pair of gloves
SInv    .            (no boots)
Will    .....        (no amulet)
Stlth   +            (no ring)
HPRegen 1.04/turn    (no ring)
MPRegen 0.09/turn

%: no passive effects
@: no status effects
A: sickness immunity, AC +3, negative energy resistance 1, electricity
resistance, torment resistance 1, petrification resistance, horns 1, agile 1,
regeneration 1, inability to drink after injury 1
a: no special abilities


You were on level 3 of the Dungeon.
You visited 1 branch of the dungeon, and saw 3 of its levels.

You collected 65 gold pieces.


Innate Abilities, Weirdness & Mutations

You are immune to sickness and miasma.
Your stone body is resilient. (AC +3)
You are immune to poison.
You resist negative energy. (rN+)
You are resistant to electric shocks. (rElec)
You are resistant to unholy torment.
You are immune to petrification.
You have a pair of small horns on your head.
You are agile. (Dex +4, Str/Int -1)
Your natural rate of healing is unusually fast.
You occasionally lose the ability to drink potions when taking damage.


   Skills:
 - Level 3.4 Fighting
 + Level 5.1 Ranged Weapons
 - Level 1.0 Armour
 - Level 1.5 Dodging
 - Level 1.1 Stealth


You had 3 spell levels left.
You didn't know any spells.
Your spell library was empty.

Inventory:

Hand Weapons
 Y - a +2 shortbow (weapon)
Armour
 g - a +0 pair of gloves (worn)
 j - a +0 ring mail (worn)
Potions
 a - a potion of curing {unknown}
 b - 2 potions of enlightenment
 c - a potion of berserk rage {unknown}
 i - a potion of resistance {unknown}

Dungeon Overview and Level Annotations

Branches:
Dungeon (3/15)

Altars:


Message History

You shoot an arrow. The arrow hits the gnoll.
The gnoll is moderately wounded.
The gnoll barely misses you.
You shoot an arrow. The arrow hits the gnoll.
The gnoll is severely wounded.
The gnoll misses you.
1651 |||
Found retreat position at -1,0 (floor) with 0 blocking monsters and 2 monsters attacking at destination at distance 1
1651 ||| Stepping ~*~*~tactically~*~*~ (retreating).
The gnoll attacks as it pursues you!
The gnoll hits you from afar with a +0 spear.
1652 |||
Found retreat position at 1,0 (floor) with 0 blocking monsters and 2 monsters attacking at destination at distance 1
1652 ||| Stepping ~*~*~tactically~*~*~ (retreating).
The gnoll closely misses you. The gnoll hits you but does no damage.
You shoot an arrow. The arrow hits the gnoll.
The gnoll is severely wounded.
The gnoll hits you but does no damage. The gnoll barely misses you.
The gnoll misses you.
You shoot an arrow. The arrow hits the gnoll.
The gnoll is almost dead.
The gnoll hits you but does no damage. x2
You shoot an arrow. The arrow hits the gnoll.
You kill the gnoll!
The gnoll hits you with a +0 spear.
You shoot an arrow. The arrow closely misses the gnoll.
The gnoll barely misses you. The gnoll hits you but does no damage.
The gnoll hits you with a +0 club.
You shoot an arrow. The arrow barely misses the gnoll.
The gnoll completely misses you. The gnoll barely misses you.
The gnoll hits you with a +0 spear.
You shoot an arrow. The arrow closely misses the gnoll.
The gnoll hits you but does no damage. The gnoll hits you with a +0 spear!
You shoot an arrow. The arrow closely misses the gnoll.
The gnoll barely misses you. The gnoll hits you with a +0 spear!
You shoot an arrow. The arrow barely misses the gnoll.
The gnoll barely misses you. The gnoll hits you but does no damage.
The gnoll hits you with a +0 club. The gnoll hits you with a +0 spear.
You shoot an arrow. The arrow hits the gnoll.
The gnoll is heavily wounded.
The gnoll hits you with a +0 club. The gnoll hits you with a +0 spear.
You die...

. >$ ... .... ..... ####
######...... ..<##
##...@g.....?
##..########..###g.#####
##.##.......## ++#
#....####### .....###
####.# #.. ##.. #..


You could see 2 gnolls.

Vanquished Creatures
  Jessica (D:2)
  A gnoll (D:3)
  6 dart slugs
  An orc (D:3)
  5 bats
  4 endoplasms
  2 giant cockroaches
  5 goblins
  3 hobgoblins (D:1)
  A jackal (D:2)
  4 frilled lizards
  2 kobolds
  4 rats
39 creatures vanquished.

Notes
Turn   | Place    | Note
-------+----------+-------------------------------------------
     0 | D:1      | qw the Gargoyle Hunter began the quest for the Orb.
     0 | D:1      | Reached XP level 1. HP: 12/12 MP: 1/1
     0 | D:1      | 0 ||| qw: Version: 0.3-a-75-g829b12e
     0 | D:1      | 0 ||| qw: Game counter: 148
     0 | D:1      | 0 ||| qw: Melee chars always use a shield: true
     0 | D:1      | 0 ||| qw: God list: Okawaru
     0 | D:1      | 0 ||| qw: Allow faded altars: false
     0 | D:1      | 0 ||| qw: Do Orc after clearing Dungeon:15 true
     0 | D:1      | 0 ||| qw: Do second Lair branch before Depths: true
     0 | D:1      | 0 ||| qw: Lair rune preference: random
     0 | D:1      | 0 ||| qw: Goals: Normal
     0 | D:1      | 0 ||| PLANNING D:1-11
   113 | D:1      | Found a faded altar of an unknown god.
   121 | D:1      | Reached XP level 2. HP: 17/17 MP: 2/2
   245 | D:1      | Reached XP level 3. HP: 21/21 MP: 3/3
   344 | D:1      | Reached skill level 5 in Ranged Weapons
   411 | D:1      | 411 ||| UPGRADING to +0 pair of gloves.
   416 | D:1      | 416 ||| UPGRADING to +0 ring mail.
   426 | D:1      | 426 ||| DROPPING +0 leather armour.
   427 | D:1      | 427 ||| READING scroll labelled LAIWON WIOWKA.
   428 | D:1      | 428 ||| READING scroll labelled GENTOE YCIOSKU.
   429 | D:1      | 429 ||| DRINKING 2 black potions.
   429 | D:1      | Gained mutation: Your body sometimes deteriorates upon
                  | taking damage. [potion of mutation]
   429 | D:1      | Gained mutation: Your natural rate of healing is unusually
                  | fast. [potion of mutation]
   429 | D:1      | Gained mutation: You are vulnerable to cold. (rC-) [potion
                  | of mutation]
   430 | D:1      | 430 ||| DRINKING potion of mutation.
   430 | D:1      | Lost mutation: You are vulnerable to cold. (rC-) [potion of
                  | mutation]
   430 | D:1      | Lost mutation: Your body sometimes deteriorates upon taking
                  | damage. [potion of mutation]
   430 | D:1      | Gained mutation: You have a pair of small horns on your
                  | head. [potion of mutation]
   430 | D:1      | Gained mutation: You are agile. (Dex +4, Str/Int -1)
                  | [potion of mutation]
   430 | D:1      | Gained mutation: You occasionally lose the ability to drink
                  | potions when taking damage. [potion of mutation]
   431 | D:1      | 431 ||| DRINKING 2 golden potions.
   437 | D:1      | 437 ||| DROPPING scroll of butterflies.
   438 | D:1      | 438 ||| DROPPING potion of ambrosia.
   685 | D:2      | 685 ||| FLEEEEING.
   714 | D:2      | 714 ||| Stepping ~*~*~tactically~*~*~ (outnumbered).
   716 | D:2      | 716 ||| Stepping ~*~*~tactically~*~*~ (outnumbered).
   718 | D:2      | 718 ||| Stepping ~*~*~tactically~*~*~ (outnumbered).
   720 | D:2      | 720 ||| Stepping ~*~*~tactically~*~*~ (outnumbered).
   722 | D:2      | 722 ||| Stepping ~*~*~tactically~*~*~ (outnumbered).
   723 | D:2      | 723 ||| Stepping ~*~*~tactically~*~*~ (outnumbered).
   724 | D:2      | 724 ||| Stepping ~*~*~tactically~*~*~ (outnumbered).
   735 | D:2      | Reached skill level 1 in Armour
  1345 | D:2      | 1345 ||| READING scroll of enchant weapon.
  1345 | D:2      | 1345 ||| ENCHANTING +1 shortbow.
  1356 | D:2      | You fall into a shaft and drop 1 floor!
  1394 | D:3      | 1394 ||| READING scroll labelled QIAN CUNEESHRUI.
  1395 | D:3      | 1395 ||| DRINKING 2 bubbling ruby potions.
  1396 | D:3      | 1396 ||| DRINKING 2 bubbling dark potions.
  1397 | D:3      | 1397 ||| DROPPING potion of attraction.
  1612 | D:3      | Noticed Jessica
  1615 | D:3      | 1615 ||| STAIRDANCE
  1617 | D:2      | Killed Jessica
  1618 | D:2      | Reached skill level 3 in Fighting
  1618 | D:2      | Reached XP level 4. HP: 25/28 MP: 4/4
  1651 | D:3      | 1651 ||| Stepping ~*~*~tactically~*~*~ (retreating).
  1652 | D:3      | 1652 ||| Stepping ~*~*~tactically~*~*~ (retreating).
  1660 | D:3      | HP: 4/28 [gnoll/+0 spear (5)]
  1661 | D:3      | Slain by a gnoll

Levels and vault maps discovered:
D:1:      giann_wishing_wells, layout_rooms, basic_ecumenical_altar
D:2:      layout_basic, kennysheep_generic_room_6
D:3:      layout_rooms, minmay_crystal_room, kennysheep_generic_room_5,
          uniq_jessica

Skill      XL: |  1  2  3 |
---------------+----------+-----
Ranged Weapons | 5 |  5.1
Armour         | 1 |  1.0
Fighting       | 3 |  3.4
Dodging        | |  1.5
Stealth        | |  1.1

Action                     |  1- 3 |  4- 6 || total
---------------------------+-------+-------++-------
   Fire: Shortbow          |   104 |    16 ||   120
    Use: Potion            |     5 |       ||     5
         Scroll            |     4 |       ||     4
 Armour: Leather armour    |    13 |       ||    13
         Ring mail         |     9 |    18 ||    27
  Dodge: Dodged            |    21 |    10 ||    31

Table legend:
 A = Non-vault XP
 B = Vault XP
 C = Vault XP percentage of total XP
 D = Non-vault monster count
 E = Vault monster count
 F = Vault count percentage of total count
                 A         B        C        D         E       F
            +---------+---------+-------+---------+---------+-------
      Total |      89 |      39 |  30.5 |      37 |       2 |   5.1
            +---------+---------+-------+---------+---------+-------
        D:1 |      39 |       0 |   0.0 |      20 |       0 |   0.0
        D:2 |      30 |      39 |  56.5 |      14 |       2 |  12.5
        D:3 |      20 |       0 |   0.0 |       3 |       0 |   0.0
            +---------+---------+-------+---------+---------+-------
